 Dungeon Crawl Stone Soup version 0.27.1-4-g1640c2035a (webtiles) character file.

Game seed: 2057050035334215241

84 ABBCCCDDDD the Chopper (level 4, 0/41 HPs)
             Began as a Hill Orc Delver on Nov 1, 2021.
             Slain by a gnoll (10 damage)
             ... on level 2 of the Dungeon.
             The game lasted 00:04:44 (3270 turns).

ABBCCCDDDD the Chopper (Hill Orc Delver)            Turns: 3270, Time: 00:04:45

Health: 0/41       AC:  4    Str: 15    XL:     4   Next: 46%
Magic:  4/4        EV: 11    Int: 10    God:
Gold:   96         SH:  0    Dex: 12    Spells: 3/3 levels left

rFire    . . .     SeeInvis .   p - +0 war axe
rCold    . . .     Faith    .   (no shield)
rNeg     . . .     Spirit   .   b - +0 leather armour
rPois    .         Reflect  .   (no helmet)
rElec    .         Harm     .   (no cloak)
rCorr    .         Rampage  .   (no gloves)
Will     .....                  o - +0 pair of boots
Stlth    ++........             (no amulet)
HPRegen  0.13/turn              (no ring)
MPRegen  0.09/turn              (no ring)

@: no status effects
A: no striking features
a: no special abilities


You were on level 2 of the Dungeon.
You visited 1 branch of the dungeon, and saw 5 of its levels.

You collected 96 gold pieces.

Inventory:

Hand Weapons
 a - a +0 hand axe
 p - a +0 war axe (weapon)
Missiles
 q - 8 boomerangs (quivered)
Armour
 b - a +0 leather armour (worn)
 o - a +0 pair of boots (worn)
Wands
 g - a wand of digging (3)
Scrolls
 c - a scroll of fog
 d - a scroll of magic mapping
 e - a scroll of fear
 h - 3 scrolls of teleportation {unknown}
 n - a scroll of amnesia {unknown}
Potions
 f - a potion of haste
 i - a potion of berserk rage {unknown}
 j - 2 potions of ambrosia {unknown}
 k - a potion of attraction {unknown}
 l - a potion of lignification {unknown}
 m - a potion of curing {unknown}


   Skills:
 + Level 4.3 Fighting
 * Level 4.6 Axes
 + Level 2.0 Armour
 - Level 1.5 Dodging
 - Level 4.1 Stealth


You had 3 spell levels left.
You didn't know any spells.
Your spell library was empty.

Dungeon Overview and Level Annotations

Branches:
Dungeon (5/15)
 Temple: D:4-7

Altars:


Message History

There is a large open door here.
Key pressed, stopping explore.
A gnoll is nearby!
Okay, then.
Throw: 8 boomerangs
Press: ? - help, Q - select action Shift-Dir - straight line, f - gnoll
Aim: a gnoll, wielding a +0 halberd (wandering, hasn't noticed you, 63% to hit)
You throw a boomerang. The boomerang closely misses the gnoll.
Throw: 8 boomerangs
Press: ? - help, Q - select action Shift-Dir - straight line, f/p - gnoll
Aim: a gnoll, wielding a +0 halberd (63% to hit)
You throw a boomerang. The boomerang hits the gnoll.
The gnoll is moderately wounded.
Throw: 8 boomerangs
Press: ? - help, Q - select action Shift-Dir - straight line, f/p - gnoll
Aim: a gnoll, wielding a +0 halberd (moderately wounded, 63% to hit)
You throw a boomerang.
The boomerang hits the gnoll but does no damage.
The gnoll is moderately wounded.
Throw: 8 boomerangs
Press: ? - help, Q - select action Shift-Dir - straight line, f/p - gnoll
Aim: a gnoll, wielding a +0 halberd (moderately wounded, 63% to hit)
You throw a boomerang. The boomerang hits the gnoll.
The gnoll is heavily wounded.
The gnoll hits you with a +0 halberd!
You closely miss the gnoll.
The gnoll is moderately wounded.
The gnoll closely misses you.
You closely miss the gnoll.
The gnoll is moderately wounded.
The gnoll hits you with a +0 halberd.
You barely miss the gnoll.
The gnoll is moderately wounded.
The gnoll hits you with a +0 halberd!
You completely miss the gnoll.
The gnoll is moderately wounded.
The gnoll hits you with a +0 halberd.
* * * LOW HITPOINT WARNING * * *
The gnoll hits you with a +0 halberd!
You die...

#.# ......##≈≈......'..... #.#
#.#######.###≈≈...<.#.>... #.#
#.#.. #.##.≈......#..... #.#
#.#.# #.##.≈..#####..... #.#
#.#.#. .# #.≈≈.# #..... ##.#
#.#.#... #.≈≈.# #.....
...##..#.#.#.######..≈≈########.#
#<.....#.............≈≈≈.........
#.....##>......g@.....≈.....#####
#........#.#.#.####..##...#.## #
########.#.#.#.# #####...#..####
..#.#.#.# #...#......
####.#.#.########...#..####
#.#.#.##................
#.#.#.....###≈###.......
#.#.##....#.#≈#.#.......
#.#.....###.#≈#.###.....


You could see a gnoll.

Levels and vault maps discovered:
D:1:      dpeg_arrival_castle, layout_basic, due_unseen_surprise
D:2:      layout_basic, ebering_ecumenical_altar_webs, kennysheep_cross_room,
          chequers_serial_rivers_small_a, hex_large,
          minmay_misc_feat_secret_circle, solitary_fountain, grunt_decor_cap
D:3:      kennysheep_the_goblin_king, layout_rooms, lemuel_crystal_altar
D:4:      layout_basic, serial_shops, kennysheep_mini_moat,
          hangedman_decor_lopped, kennysheep_small_spiral, item_on_display_a
D:5:      minmay_goblin_kobold_castle, layout_basic,
          beargit_hepliaklqana_dungeon_heroes, uniq_blork_the_orc, uniq_grinder

Notes
Turn   | Place    | Note
-------+----------+-------------------------------------------
     0 | D:5      | ABBCCCDDDD the Hill Orc Delver began the quest for the Orb.
     0 | D:5      | Reached XP level 1. HP: 19/19 MP: 1/1
   287 | D:3      | Reached XP level 2. HP: 26/27 MP: 2/2
   646 | D:2      | Reached skill level 1 in Armour
  1058 | D:1      | Reached XP level 3. HP: 33/33 MP: 3/3
  2117 | D:2      | Reached XP level 4. HP: 38/40 MP: 4/4
  2643 | D:2      | Found a faded altar of an unknown god.
  3270 | D:2      | Slain by a gnoll

Table legend: (Time is in decaauts)
 A = Elapsed time spent in this place.
 B = Non-inter-level travel time spent in this place.
 C = Inter-level travel time spent in this place.
 D = Time resting spent in this place.
 E = Time spent auto-exploring this place.
 F = Levels seen in this place.
 G = Mean time per level.
                   A        B        C        D        E       F      G
               +--------+--------+--------+--------+--------+-----+--------+
         Total |   3296 |   3251 |     45 |   1290 |   1134 |   5 |  659.2 |
       Dungeon |   3296 |   3251 |     45 |   1290 |   1134 |   5 |  659.2 |
               +--------+--------+--------+--------+--------+-----+--------+

Top non-repeatable levels by time:
     D:2: 1673 daAuts
     D:1: 1278 daAuts
     D:3: 280 daAuts
     D:4: 56 daAuts
     D:5: 7 daAuts

Table legend:
 A = Kills in this place as a percentage of kills in entire the game.
 B = Kills by you in this place as a percentage of kills by you in the entire game.
 C = Kills by friends in this place as a percentage of kills by friends in the entire game.
 D = Other kills in this place as a percentage of other kills in the entire game.
 E = Experience gained in this place as a percentage of experience gained in the entire game.
 F = Experience gained in this place divided by the number of levels of this place that you have seen.
                   A       B       C       D       E      F
               +-------+-------+-------+-------+-------+----------------------
         Total | 100.0 | 100.0 |   N/A |   N/A | 100.0 |  24.2
       Dungeon | 100.0 | 100.0 |   N/A |   N/A | 100.0 |  24.2
               +-------+-------+-------+-------+-------+----------------------

Action                   |  1- 3 |  4- 6 || total
-------------------------+-------+-------++-------
Melee: Hand axe          |   109 |    37 ||   146
       War axe           |       |     7 ||     7
Throw: Boomerang         |       |     4 ||     4
 Stab: Sleeping          |     4 |     2 ||     6
Armor: Leather armour    |    32 |     2 ||    34
Dodge: Dodged            |    98 |    15 ||   113

Vanquished Creatures
  2 gnolls (D:2)
  An adder (D:2)
  3 dart slugs
  A ball python (D:1)
  2 endoplasms (D:1)
  9 goblins
  7 hobgoblins
  4 jackals (D:1)
  6 bats
  A frilled lizard (D:2)
  4 kobolds
  6 rats
46 creatures vanquished.

Vanquished Creatures (others)
  A kobold (D:2)
1 creature vanquished.

Grand Total: 47 creatures vanquished
